 Dungeon Crawl Stone Soup version 0.19.4-10-g532645f (webtiles) character file.

27532 Kosschaser the Unseen (level 13, 0/68 HPs)
             Began as a Vine Stalker Assassin on Feb 22, 2017.
             Was a High Priest of Dithmenos.
             Slain by a merfolk
             ... wielding a +2 trident of piercing
              (2 damage)
             ... on level 1 of the Shoals.
             The game lasted 01:16:02 (13398 turns).

Kosschaser the Unseen (Vine Stalker Assassin)      Turns: 13398, Time: 01:16:02

Health: 0/68       AC: 16    Str: 16    XL:     13   Next: 33%
Magic:  0/19       EV: 19    Int: 14    God:    Dithmenos [*****.]
Gold:   865        SH:  0    Dex: 29    Spells: 2 memorised, 13 levels left

rFire  . . .     SeeInvis .     o - +2 rapier (drain)
rCold  + + .     Gourm    .     I - +2 robe {rC+}
rNeg   . . .     Faith    .     (no shield)
rPois  +         Spirit   +     G - +1 hat {Int+3}
rElec  +         Reflect  .     d - +1 cloak
rCorr  +         Harm     .     (no gloves)
MR     +....                    h - +2 pair of boots of Repulsion {rPois rC+ rCorr Dex+4}
Stlth  ++++++....               v - amulet "Tylyush" {Inacc rElec Str+2}
                                O - +6 ring of protection
                                R - +4 ring of dexterity

@: wreathed by umbra
A: fangs 3, regeneration 2, magic shield, antimagic bite, no device heal 3, rot
immunity
a: Shadow Step, Shadow Form, Renounce Religion


You were on level 1 of the Shoals.
You worshipped Dithmenos.
Dithmenos was extremely pleased with you.
You were hungry.

You visited 3 branches of the dungeon, and saw 14 of its levels.
You also visited: Sewer.

You collected 865 gold pieces.

Inventory:

Hand Weapons
 a - a +2 dagger
 b - a +0 blowgun
 o - a +2 rapier of draining (weapon)
 M - a +0 short sword of holy wrath
Missiles
 e - 29 poisoned needles
 f - 2 curare-tipped needles
 A - 14 steel tomahawks (quivered)
 S - a throwing net
Armour
 d - a +1 cloak (worn)
 h - the +2 pair of boots of Repulsion (worn) {rPois rC+ rCorr Dex+4}
   (You acquired it on level 2 of the Lair of Beasts)

   It affects your dexterity (+4).
   It protects you from cold.
   It protects you from poison.
   It protects you from acid and corrosion.
 G - a +1 hat of intelligence (worn)
 I - a +2 robe of cold resistance (worn)
Jewellery
 r - an uncursed ring of protection from fire
 v - the amulet "Tylyush" (around neck) {Inacc rElec Str+2}
   (You found it on level 2 of the Lair of Beasts)

   [amulet of inaccuracy]

   It reduces the accuracy of all your attacks.
   It affects your strength (+2).
   It insulates you from electricity.
 O - a +6 ring of protection (right hand)
 R - a +4 ring of dexterity (left hand)
 Y - an uncursed ring of positive energy
Wands
 c - a wand of slowing (19/48)
 p - a wand of confusion (34/48)
 s - a wand of digging (11/24)
 H - a wand of iceblast (4/15)
 W - a wand of iceblast (8/15)
Scrolls
 j - 8 scrolls of remove curse
 k - 5 scrolls of teleportation
 q - a scroll of amnesia
 y - a scroll of brand weapon {unknown}
 z - 3 scrolls of fog {unknown}
 D - a scroll of blinking
 J - 3 scrolls of recharging
 L - a scroll of identify
 N - 3 scrolls of magic mapping
 T - a scroll of summoning {unknown}
 Z - a scroll of torment {unknown}
Potions
 n - a potion of cancellation
 t - 3 potions of brilliance
 u - 6 potions of curing
 w - 3 potions of cure mutation {unknown}
 x - a potion of haste {unknown}
 B - 2 potions of agility {unknown}
 C - 4 potions of mutation {unknown}
 E - 4 potions of berserk rage {unknown}
 F - 5 potions of flight
 K - 2 potions of lignification {unknown}
 Q - a potion of heal wounds {unknown}
 U - a potion of ambrosia {unknown}
 X - a potion of might {unknown}
Books
 V - a book of Maledictions

   Spells                             Type                      Level
   a - Corona                         Hexes                        1
   b - Ensorcelled Hibernation        Hexes/Ice                    2
   c - Confuse                        Hexes                        3
   d - Tukima's Dance                 Hexes                        3
   e - Dazzling Spray                 Conjuration/Hexes            3
Comestibles
 g - 12 bread rations
 i - 2 meat rations
 l - 3 beef jerkies
 m - 31 fruits
 P - 8 royal jellies


   Skills:
 + Level 7.7 Fighting
 + Level 11.5 Short Blades
 + Level 3.1 Throwing
 + Level 6.5 Dodging
 + Level 16.5 Stealth
 + Level 3.4 Spellcasting
 + Level 3.1 Hexes
 + Level 3.4 Ice Magic
 + Level 0.8 Invocations
 + Level 0.1 Evocations


You had 13 spell levels left.
You knew the following spells:

 Your Spells              Type           Power        Failure   Level  Hunger
a - Ensorcelled Hibernat  Hex/Ice        ##....       10%         2    ##.....
b - Confuse               Hex            ##......     17%         3    ###....


Dungeon Overview and Level Annotations

Branches:
Dungeon (10/15)            Temple (0/1) D:4            Lair (3/6) D:10
 Shoals (1/4) Lair:3        Snake (0/4) Lair:3
    Orc: D:9-12

Altars:
Cheibriados
Dithmenos
Fedhas
Okawaru
Trog
Uskayaw
Xom
Yredelemnul
Zin
The Shining One

Shops:
D:7 (   D:9 =

Annotations:
D:3 zegmoder's ghost, amateur DsAK


Innate Abilities, Weirdness & Mutations

You have razor-sharp teeth.
You heal very quickly.
When hurt, damage is shared between your health and your magic reserves.
Your bite disrupts and absorbs the magic of your enemies.
Potions and wands cannot restore your health.
You are immune to rotting.


Message History

The faun is lightly wounded.
You miss the faun. You bite the faun!
The faun's magic leaks into the air.
You drain its magic.
You feel invigorated.
The faun is moderately wounded.
The merfolk hits you from afar with a trident of piercing.
The faun hits you with a hunting sling!!
You enter the shallow water.
Moving in this stuff is going to be slow.
The faun shoots a stone.
The stone hits you!
* * * LOW HITPOINT WARNING * * *
You hear a splash.
The faun shoots a stone.
The stone hits you!
* * * LOW HITPOINT WARNING * * *
You hear a splash.
Items here: (( )) an uncursed quarterstaff; an uncursed hunting sling; 28 sling bullets; 4 stones You are no longer glowing.
The merfolk hits you from afar with a trident of piercing!
* * * LOW HITPOINT WARNING * * *
You die...

≈≈≈.≈≈....≈≈≈≈≈≈.≈≈≈≈≈≈≈≈≈≈≈≈≈≈≈≈
≈≈...≈...≈≈≈≈≈≈≈.#.≈≈≈≈≈≈≈≈≈≈≈≈.≈
≈≈≈≈.≈≈..≈≈≈≈≈..##.≈≈≈≈≈≈≈≈≈....≈
.......≈≈≈≈≈≈......≈≈≈≈≈≈≈≈.####.
...###...≈≈≈≈(≈≈..≈≈≈≈≈≈≈≈≈.# #.
....##...≈≈≈≈≈(≈≈.≈≈≈≈≈≈≈≈≈.####.
.........≈≈≈≈≈≈≈≈≈≈≈≈≈≈≈≈≈≈......
.........≈≈≈≈≈≈≈()mc≈≈≈....≈....≈
≈.<.≈≈...≈≈≈≈)≈≈@###.≈≈###...≈...
≈≈≈≈≈≈≈≈≈≈≈≈≈≈≈≈≈###.≈.# #..≈≈.##
≈≈≈≈≈≈≈≈≈≈≈≈≈≈≈≈≈)()≈≈.###..≈≈.##
≈≈≈≈≈≈≈≈≈≈≈≈≈≈≈≈≈≈(≈≈≈≈.÷.≈.≈...#
≈≈≈≈≈≈≈≈≈≈≈≈≈≈≈≈≈≈≈≈≈≈≈≈≈≈≈≈≈≈...
≈≈≈≈≈≈≈≈≈≈≈≈≈≈≈≈≈≈≈≈≈≈≈≈≈≈≈≈≈≈...
≈≈≈≈≈≈≈≈≈≈≈≈≈≈≈≈≈≈≈≈≈≈≈≈≈≈≈≈≈..≈≈
≈≈≈≈≈≈≈≈≈≈≈≈≈≈≈≈≈≈≈≈≈≈≈≈≈≈≈≈≈≈≈≈≈
≈≈≈≈≈≈≈≈≈≈≈≈≈≈≈≈≈≈≈≈≈≈≈≈≈


You could see a merfolk and a faun.

Vanquished Creatures
  Gastronok (Lair:3)
  Fannar (Lair:2)
  A hydra (Lair:3)
  Erica (D:8)
  A tengu warrior (Shoals:1)
  Pikel (D:5)
  8 oklob plants (Lair:1)
  A mana viper (Lair:3)
  3 fauns (Shoals:1)
  A siren (Shoals:1)
  A water nymph (Shoals:1)
  2 spiny frogs
  A kobold demonologist (D:10)
  A komodo dragon (Lair:3)
  The ghost of vilekko the Skirmisher, an amateur MiFi (D:4)
  A tengu conjurer (Shoals:1)
  2 merfolk (Shoals:1)
  A troll (D:9)
  6 hippogriffs
  27 blink frogs
  A two-headed ogre (D:10)
  2 snapping turtles (Shoals:1)
  4 dream sheep (Lair:3)
  A wyvern (Lair:3)
  A basilisk (Lair:3)
  6 yaks (Lair:3)
  2 water moccasins
  6 porcupines
  Duvessa (D:5)
  2 orc warriors
  2 slaves (D:5)
  A sky beast (D:6)
  A black bear (Lair:3)
  3 ice beasts
  2 necrophages
  A phantom (D:6)
  2 ogres
  4 wolves (Lair:2)
  4 centaurs
  5 crocodiles
  Blork the orc (D:5)
  19 big kobolds (D:10)
  7 bullfrogs
  Dowan (D:5)
  A water moccasin skeleton (D:7)
  3 scorpions
  5 killer bees (D:10)
  3 electric eels (Lair:3)
  7 howler monkeys
  2 bullfrog zombies
  3 crimson imps
  2 centaur zombies
  7 jellies
  A bullfrog skeleton (D:4)
  4 orc priests (D:8)
  9 orc wizards
  A hound (D:9)
  4 iguanas
  3 worker ants
  A hound skeleton (D:7)
  A worker ant zombie (D:8)
  10 adders
  3 gnolls (D:8)
  2 shadow imps
  9 oozes
  An adder skeleton (D:6)
  10 worms
  3 dart slugs
  6 leopard geckos
  29 orcs
  5 ball pythons
  11 bats
  7 giant cockroaches
  7 goblins
  9 hobgoblins
  8 jackals
  4 quokkas
  6 frilled lizards
  A jackal skeleton (D:9)
  12 kobolds
  A leopard gecko skeleton (D:6)
  A quokka skeleton (D:7)
  9 rats
  3 butterflies (Lair:1)
  7 plants (Lair:1)
362 creatures vanquished.

Vanquished Creatures (others)
  3 fungi
3 creatures vanquished.

Grand Total: 365 creatures vanquished

Notes
Turn   | Place    | Note
-------+----------+-------------------------------------------
     0 | D:1      | Kosschaser the Vine Stalker Assassin began the quest for the Orb.
     0 | D:1      | Reached XP level 1. HP: 11/11 MP: 2/2
     6 | D:1      | Noticed a fire giant
     6 | D:1      | Noticed a worker ant
     6 | D:1      | Noticed a tyrant leech
     6 | D:1      | Noticed a basilisk
    71 | D:1      | Reached skill level 5 in Stealth
   314 | D:1      | Reached XP level 2. HP: 15/15 MP: 3/3
   964 | D:2      | Reached XP level 3. HP: 18/18 MP: 4/4
  1122 | D:2      | Found a shadowy altar of Dithmenos.
  1135 | D:2      | Became a worshipper of Dithmenos the Shadowed
  1143 | D:2      | Found a hide-covered altar of Uskayaw.
  1358 | D:2      | Reached skill level 6 in Stealth
  1494 | D:2      | Gained mutation: Your natural rate of healing is unusually fast. [Vine Stalker growth]
  1494 | D:2      | Reached XP level 4. HP: 23/23 MP: 5/5
  1612 | D:2      | Found a glowing silver altar of Zin.
  1612 | D:2      | Found a shimmering altar of Xom.
  1613 | D:2      | Noticed an angel
  1904 | D:3      | Reached * piety under Dithmenos
  1973 | D:3      | Reached skill level 1 in Dodging
  1973 | D:3      | Reached XP level 5. HP: 26/26 MP: 6/6
  2238 | D:3      | Noticed zegmoder's ghost (amateur DsAK)
  2514 | D:4      | Noticed vilekko's ghost (amateur MiFi)
  2522 | D:4      | Reached skill level 7 in Stealth
  2531 | D:5      | Entered Level 5 of the Dungeon
  2538 | D:5      | Noticed Duvessa
  2540 | D:5      | Noticed an ice beast
  2541 | D:5      | Noticed Dowan
  2545 | D:5      | Killed Duvessa
  2545 | D:5      | Reached skill level 8 in Stealth
  2545 | D:5      | Reached XP level 6. HP: 31/31 MP: 7/7
  2550 | D:5      | Killed Dowan
  2704 | D:4      | Found a snail-covered altar of Cheibriados.
  2781 | D:4      | Found a staircase to the Ecumenical Temple.
  2884 | D:4      | HP: 1/32 [vilekko's ghost (9)]
  2951 | D:5      | Killed an ice beast
  2951 | D:5      | Reached XP level 7. HP: 13/35 MP: 8/8
  2971 | D:5      | Noticed Blork the orc
  2988 | D:5      | Reached skill level 9 in Stealth
  2997 | D:5      | Killed Blork the orc
  2997 | D:5      | Reached ** piety under Dithmenos
  3337 | D:5      | Gained mutation: You have razor-sharp teeth. [Vine Stalker growth]
  3337 | D:5      | Reached XP level 8. HP: 27/40 MP: 6/9
  3358 | D:5      | Noticed Pikel
  4015 | D:5      | Killed Pikel
  4015 | D:5      | Reached skill level 5 in Short Blades
  4015 | D:5      | Reached skill level 10 in Stealth
  4179 | D:6      | Found a glowing drain.
  4201 | Sewer    | Entered a sewer
  4666 | Sewer    | Reached *** piety under Dithmenos
  4739 | D:6      | Reached XP level 9. HP: 28/45 MP: 7/10
  4809 | D:6      | Reached skill level 11 in Stealth
  5265 | D:6      | Found a bloodstained altar of Trog.
  5846 | D:4      | Killed vilekko's ghost
  6469 | D:7      | Reached skill level 12 in Stealth
  6659 | D:7      | Found Xydil's Antique Weapon Emporium.
  6912 | D:8      | Reached XP level 10. HP: 32/51 MP: 9/11
  6917 | D:8      | Reached **** piety under Dithmenos
  6926 | D:8      | Noticed Erica
  7400 | D:9      | Reached skill level 13 in Stealth
  7558 | D:9      | Found a blossoming altar of Fedhas.
  7561 | D:9      | Found a glowing golden altar of the Shining One.
  7573 | D:9      | Found a basalt altar of Yredelemnul.
  7576 | D:9      | Found a snail-covered altar of Cheibriados.
  7589 | D:9      | Found Homiset's Jewellery Emporium.
  8228 | D:8      | Killed Erica
  8228 | D:8      | Reached skill level 5 in Fighting
  8400 | D:10     | Entered Level 10 of the Dungeon
  8466 | D:10     | Identified a scroll of acquirement
  8692 | D:10     | Noticed a kobold demonologist
  8724 | D:10     | Noticed a smoke demon
  8883 | D:10     | Found a staircase to the Lair.
  8975 | D:10     | Reached XP level 11. HP: 55/56 MP: 12/12
  9024 | D:10     | Reached skill level 14 in Stealth
  9174 | D:10     | Reached ***** piety under Dithmenos
  9433 | Lair:1   | Entered Level 1 of the Lair of Beasts
  9470 | Lair:1   | Learned a level 2 spell: Ensorcelled Hibernation
  9474 | Lair:1   | Learned a level 3 spell: Confuse
  9696 | Lair:1   | Reached skill level 1 in Ice Magic
  9892 | Lair:1   | Reached skill level 1 in Hexes
  9893 | Lair:1   | Reached skill level 5 in Dodging
 10003 | Lair:1   | Noticed an oklob plant
 10010 | Lair:1   | Killed an oklob plant
 10014 | Lair:1   | Noticed an oklob plant
 10017 | Lair:1   | Noticed an oklob plant
 10018 | Lair:1   | Noticed an oklob plant
 10019 | Lair:1   | Noticed an oklob plant
 10019 | Lair:1   | Noticed an oklob plant
 10486 | Lair:2   | Found a labyrinth entrance.
 10518 | Lair:2   | Reached skill level 1 in Spellcasting
 10534 | Lair:2   | Reached skill level 15 in Stealth
 10647 | Lair:2   | Got a pair of transparent boots
 10653 | Lair:2   | Identified the +2 pair of boots of Repulsion {rPois rC+ rCorr Dex+4} (You acquired it on level 2 of the Lair of Beasts)
 10800 | Lair:1   | Killed an oklob plant
 10800 | Lair:1   | Reached skill level 10 in Short Blades
 10873 | Lair:1   | Killed an oklob plant
 10873 | Lair:1   | Gained mutation: You heal very quickly. [Vine Stalker growth]
 10873 | Lair:1   | Reached XP level 12. HP: 37/62 MP: 11/14
 11619 | Lair:2   | Got a crude tin amulet
 11622 | Lair:2   | Identified the amulet "Tylyush" {Inacc rElec Str+2} (You found it on level 2 of the Lair of Beasts)
 11623 | Lair:2   | Noticed Fannar
 11630 | Lair:2   | Killed Fannar
 11731 | Lair:2   | Found an iron altar of Okawaru.
 12050 | Lair:3   | Found a staircase to the Snake Pit.
 12060 | Lair:3   | Noticed a seven-headed hydra
 12066 | Lair:3   | Killed a seven-headed hydra
 12336 | Lair:3   | Noticed Gastronok
 12382 | Lair:3   | Killed Gastronok
 12382 | Lair:3   | Reached skill level 16 in Stealth
 12382 | Lair:3   | Reached XP level 13. HP: 67/67 MP: 18/18
 12631 | Lair:3   | Found a staircase to the Shoals.
 13048 | Shoals:1 | Entered Level 1 of the Shoals
 13398 | Shoals:1 | HP: 2/68 [merfolk/trident of piercing (7)]
 13398 | Shoals:1 | Slain by a merfolk

Skill      XL: |  1  2  3  4  5  6  7  8  9 10 11 12 |
---------------+-------------------------------------+-----
Short Blades   | 2 3 4 5 6 8 10 11 | 11.5
Stealth        | 5 6 8 9 10 12 13 15 16 | 16.5
Fighting       | 2 3 4 5 6 7 |  7.7
Dodging        | 1 2 3 4 5 6 |  6.5
Throwing       | 2 3 |  3.1
Ice Magic      | 1 3 |  3.4
Hexes          | 1 3 |  3.1
Spellcasting   | 1 3 |  3.4
Invocations    | |  0.8
Evocations     | |  0.1

Action                   |  1- 3 |  4- 6 |  7- 9 | 10-12 | 13-15 || total
-------------------------+-------+-------+-------+-------+-------++-------
Melee: Dagger            |    68 |       |       |       |       ||    68
       Bite              |    16 |    28 |   115 |   384 |    25 ||   568
       Rapier            |     9 |   106 |   344 |   732 |    75 ||  1266
 Fire: Blowgun           |       |       |    10 |       |       ||    10
Throw: Tomahawk          |       |     6 |     9 |     8 |       ||    23
 Cast: Ensorcelled Hiber |       |       |       |    24 |    11 ||    35
Invok: Shadow Step       |       |       |     1 |     3 |     1 ||     5
Evoke: Wand              |       |       |       |     1 |       ||     1
  Use: Scroll            |       |     7 |     4 |    18 |       ||    29
       Potion            |       |       |     1 |       |       ||     1
 Stab: Sleeping          |     9 |    21 |    27 |    61 |     9 ||   127
       Distracted        |       |       |     4 |     5 |     2 ||    11
  Eat: Chunk             |     2 |     4 |    14 |    17 |     3 ||    40
       Royal jelly       |       |       |       |     2 |       ||     2
Armor: Robe              |    14 |    14 |    33 |    98 |    14 ||   173
Dodge: Dodged            |    29 |    50 |   228 |   409 |    65 ||   781
